Map: [EWC] Alcyone

Players

Maru

  • Race: Terran Terran
  • Spawn Location: 7:00

Serral - Winner!

  • Race: Zerg Zerg
  • Spawn Location: 1:00

Event: Esports World Cup 2024

VOD

Have the link to the VOD?

Description

Time

  • Played on: Aug. 16, 2024, 4:37 p.m.
  • Length: 34:54

All games in this series

Show
View Real Time Build Order
Export as new Build Order

Maru Terran 

Build Orders: Reaper Expand, Hellion Banshee 

Get SALT Encoding   

  12  0:00  SCV  
  13  0:12  SCV  
  14  0:17  Supply Depot  
  14  0:24  SCV  
  15  0:38  SCV  
  15  0:40  Barracks  
  15  0:42  Refinery  
  16  0:50  SCV  
  17  1:03  SCV  
  18  1:15  SCV  
  19  1:26  Reaper  
  19  1:27  Orbital Command  
  20  1:37  Command Center  
  20  1:46  Supply Depot  
  20  1:53  SCV  
  21  1:58  Marine  
  22  2:05  SCV  
  23  2:10  Factory  
  23  2:17  SCV  
  23  2:20  Barracks Reactor  
  24  2:29  SCV  
  25  2:41  SCV  
  25  2:42  Command Center  
  26  2:52  Orbital Command  
  26  2:53  SCV  
  26  2:56  Starport  
  27  3:03  Refinery  
  27  3:05  SCV  
  28  3:08  Marine  
  31  3:13  Hellion x2  
  31  3:17  SCV  
  34  3:20  SCV  
  35  3:27  Barracks Tech Lab  
  35  3:29  SCV  
  35  3:32  SCV  
  37  3:36  Hellion x2  
  41  3:41  SCV  
  41  3:44  SCV  
  43  3:48  Banshee  
  43  3:49  Refinery  
  43  3:53  Supply Depot, Cloaking Field  
  43  3:54  SCV  
  48  4:00  Orbital Command  
  48  4:02  SCV  
  48  4:06  SCV  
  48  4:08  Hellion x2  
  53  4:14  SCV  
  53  4:15  Barracks Tech Lab  
  54  4:19  SCV  
  54  4:21  Supply Depot  
  55  4:26  SCV  
  55  4:28  SCV  
  55  4:31  SCV  
  58  4:32  Banshee  
  58  4:34  Marine, Stimpack  
  58  4:38  SCV  
  63  4:40  SCV  
  63  4:41  Factory Reactor  
  63  4:45  SCV  
  65  4:46  Supply Depot  
  65  4:48  Orbital Command  
  65  4:50  SCV, Barracks  
  65  4:52  Barracks  
  66  4:55  Marine  
  66  4:57  SCV  
  68  5:02  SCV  
  68  5:03  Engineering Bay  
  68  5:04  Engineering Bay  
  69  5:09  SCV  
  69  5:11  Supply Depot  
  69  5:13  Marine  
  69  5:14  SCV x2  
  73  5:21  SCV  
  73  5:23  Barracks x2  
  73  5:24  Starport Reactor  
  73  5:25  Refinery  
  73  5:26  SCV  
  73  5:27  SCV  
  76  5:31  Terran Infantry Weapons Level 1, Terran Infantry Armor Level 1  
  76  5:33  SCV  
  76  5:35  Supply Depot  
  77  5:38  SCV  
  77  5:40  Marine x3  
  81  5:43  SCV  
  81  5:47  Siege Tank  
  81  5:48  SCV  
  86  5:50  SCV  
  86  5:55  Marine x2  
  86  5:58  Marine x2  
  86  5:59  SCV  
  86  6:01  Medivac  
  86  6:02  Medivac  
  94  6:04  SCV  
  94  6:06  Marine  
  94  6:10  SCV  
  94  6:11  SCV  
  97  6:12  Supply Depot x2  
  97  6:13  Marine x2, Barracks Reactor x2  
  97  6:16  SCV  
  97  6:17  Combat Shield  
  100  6:22  SCV  
  101  6:26  Supply Depot  
  101  6:27  Supply Depot  
  101  6:33  Marine x3  
  101  6:34  SCV x2, Marine x2, Siege Tank  
  101  6:37  Medivac x2  
  115  6:40  Supply Depot, SCV, Refinery  
  115  6:42  Refinery  
  115  6:46  Armory  
  116  6:50  SCV  
  116  6:51  Marine  
  116  6:53  Command Center  
  116  6:54  Marine  
  118  6:55  SCV  
  118  6:56  SCV  
  118  6:57  Marine  
  122  7:02  SCV  
  122  7:07  SCV  
  122  7:08  Supply Depot, SCV  
  125  7:09  Siege Tank  
  125  7:11  Medivac x2  
  125  7:14  SCV  
  132  7:19  SCV, Marine x2, Factory  
  132  7:20  SCV  
  136  7:26  SCV, Marine  
  136  7:27  Marine x2  
  140  7:37  Barracks  
  140  7:38  Barracks x2, Terran Infantry Weapons Level 2, Terran Infantry Armor Level 2  
  140  7:39  SCV  
  141  7:48  Marine x2  
  141  7:49  Siege Tank  
  145  7:51  Supply Depot  
  145  7:55  SCV  
  146  8:01  SCV x2  
  148  8:07  SCV, Factory Reactor  
  148  8:08  Command Center  
  148  8:09  Drilling Claws  
  149  8:19  Supply Depot x2, Marine x2  
  153  8:20  Marauder  
  153  8:21  Siege Tank  
  153  8:22  SCV x3  
  159  8:27  Barracks Tech Lab x2  
  159  8:28  Barracks Tech Lab  
  159  8:30  Factory Tech Lab  
  159  8:32  Terran Vehicle Weapons Level 1  
  159  8:41  Planetary Fortress  
  159  8:43  Supply Depot  
  159  8:47  Concussive Shells, Missile Turret, Marauder  
  159  8:48  Marauder x2  
  165  8:51  Ghost Academy  
  165  8:52  Supply Depot, Refinery  
  165  8:53  Siege Tank  
  165  8:54  Refinery  
  165  8:55  Marine x3, Marauder  
  173  8:56  Siege Tank  
  176  9:04  Missile Turret  
  176  9:05  SCV x2  
  176  9:07  SCV  
  176  9:08  Marauder  
  176  9:09  Sensor Tower  
  181  9:15  Command Center  
  181  9:22  Ghost  
  181  9:23  Ghost  
  185  9:24  Missile Turret  
  185  9:25  Siege Tank  
  185  9:27  Command Center  
  188  9:33  Ghost x2  
  188  9:34  Personal Cloaking  
  192  9:41  Siege Tank  
  195  9:46  Missile Turret  
  195  9:56  Planetary Fortress  
  195  9:57  Siege Tank  
  198  10:03  Sensor Tower  
  198  10:06  Ghost  
  200  10:13  Factory  
  200  10:18  Orbital Command  
  200  10:19  Orbital Command  
  200  10:20  Orbital Command, Missile Turret  
  195  10:21  Missile Turret  
  195  10:22  Siege Tank  
  195  10:25  Ghost  
  195  10:26  Marine x3  
  165  10:29  Siege Tank  
  165  10:35  Command Center, Sensor Tower  
  168  10:37  Refinery x2  
  168  10:39  Orbital Command, Terran Infantry Weapons Level 3  
  168  10:40  Command Center  
  168  10:46  Marine x2  
  168  10:47  Marine x3, Marauder x3  
  176  10:54  Marauder, Widow Mine  
  176  10:56  Planetary Fortress  
  180  11:01  Factory Reactor  
  180  11:07  Sensor Tower  
  180  11:11  Terran Infantry Armor Level 3  
  180  11:14  Armory  
  180  11:20  Ghost  
  180  11:21  Ghost  
  184  11:30  Siege Tank, Missile Turret  
  184  11:31  Missile Turret  
  187  11:35  Ghost  
  182  11:56  Terran Vehicle Weapons Level 2, Command Center  
  182  11:59  Ghost x3  
  188  12:06  Sensor Tower  
  188  12:10  Terran Vehicle And Ship Armor Level 1  
  188  12:16  Planetary Fortress  
  188  12:19  Orbital Command  
  188  12:21  Nuke  
  188  12:23  Ghost, Command Center  
  190  12:31  Missile Turret, Refinery  
  190  12:35  Missile Turret  
  190  12:45  Command Center x2  
  190  12:50  Command Center  
  190  12:52  Missile Turret  
  190  12:55  Command Center  
  185  13:14  Sensor Tower  
  185  13:16  Neosteel Armor  
  185  13:21  Command Center x2  
  185  13:28  Infernal Pre-Igniter  
  185  13:44  Siege Tank x2, Hellbat  
  189  13:53  Hellbat  
  187  13:59  Planetary Fortress  
  185  14:03  Sensor Tower  
  185  14:04  Hi-Sec Auto Tracking  
  185  14:08  Hellbat  
  187  14:12  Orbital Command  
  187  14:14  Orbital Command x2, Hellbat  
  187  14:15  Factory  
  187  14:16  Siege Tank x2, Factory  
  195  14:21  Medivac  
  195  14:22  Medivac  
  179  14:29  Marine, Ghost x4  
  179  14:30  SCV x2  
  183  14:39  Terran Vehicle Weapons Level 3, Terran Vehicle And Ship Armor Level 2  
  183  14:48  Siege Tank  
  183  14:49  Orbital Command, Hellbat x2  
  190  14:56  Missile Turret  
  185  15:00  Medivac  
  185  15:01  Medivac  
  185  15:03  Marine x2  
  185  15:04  Marine x2, Marauder x4  
  178  15:21  Marine x4  
  178  15:25  Marauder x2  
  178  15:26  Marauder x2  
  189  15:30  Medivac  
  189  15:31  Medivac  
  189  15:35  Marine x4  
  176  15:39  Marine x2  
  181  15:46  Ghost x4  
  181  15:47  Siege Tank x2  
  181  15:48  Factory Tech Lab, Factory Reactor, Hellbat x2  
  199  15:51  Command Center  
  199  15:57  Missile Turret  
  199  16:00  Missile Turret  
  194  16:09  Hellbat x2  
  188  16:12  Marine x2  
  188  16:15  Marauder x2  
  177  16:19  Siege Tank x2  
  177  16:22  Medivac x2  
  177  16:23  Sensor Tower  
  177  16:24  Siege Tank  
  177  16:25  Hellbat x2  
  190  16:28  Command Center  
  189  16:33  Hellbat  
  189  16:34  Hellbat  
  183  16:46  Hellbat  
  183  16:48  Hellbat  
  183  16:51  Siege Tank x2  
  191  16:55  Command Center, Hellbat x2  
  191  16:56  Siege Tank  
  191  16:59  Terran Vehicle And Ship Armor Level 3  
  191  17:00  Ghost  
  200  17:04  Refinery  
  200  17:05  Refinery  
  176  17:16  Medivac x2  
  176  17:19  Hellbat x2  
  164  17:23  Siege Tank x2  
  164  17:26  Marine x7, Marauder x3  
  164  17:29  Marauder  
  185  17:35  Siege Tank  
  185  17:36  Marine, Hellbat x2  
  193  17:44  Marine x2  
  190  17:47  Marauder  
  190  17:48  Marauder x2  
  190  17:50  Marine x2  
  200  18:01  Marine x2  
  190  18:06  Medivac x2  
  190  18:09  Hellbat x2  
  190  18:10  Hellbat  
  200  18:24  Ghost  
  200  18:25  Hellbat  
  200  18:26  Hellbat  
  200  18:40  Factory  
  187  18:56  Ghost x4  
  187  18:58  Medivac x2  
  187  19:00  Siege Tank x3  
  198  19:12  Hellbat  
  189  19:22  Hellbat  
  189  19:23  Orbital Command, Hellbat  
  186  19:24  Ghost  
  186  19:25  Ghost  
  150  19:39  Siege Tank x2  
  150  19:41  Siege Tank, Ghost x2, Hellbat  
  150  19:42  Hellbat  
  155  19:47  Factory Tech Lab  
  155  19:48  Hellbat x2  
  157  19:53  Ghost  
  159  20:03  Hellbat x2  
  163  20:11  Siege Tank x2, Medivac x2  
  163  20:13  Planetary Fortress, Siege Tank x2, Hellbat  
  163  20:14  Hellbat  
  183  20:18  Ghost, Sensor Tower  
  185  20:22  Missile Turret  
  185  20:24  Marine x5  
  190  20:30  Refinery x2  
  190  20:31  Missile Turret  
  181  20:43  Siege Tank x2  
  181  20:45  Siege Tank  
  185  20:57  Orbital Command  
  173  21:09  Ghost  
  173  21:10  Ghost  
  170  21:14  Siege Tank  
  170  21:15  Siege Tank x2, Hellbat x2  
  179  21:21  Siege Tank, Hellbat x2  
  179  21:23  SCV x5  
  179  21:24  SCV x4  
  179  21:34  Orbital Command  
  179  21:35  SCV x2  
  180  21:46  Siege Tank  
  183  21:49  SCV  
  183  21:50  SCV x4  
  183  21:52  Sensor Tower  
  183  21:54  Missile Turret  
  188  22:00  Hellbat x2  
  189  22:21  Siege Tank x2, Hellbat  
  184  22:28  Ghost x3  
  184  22:29  Marine x2  
  180  22:36  Siege Tank x2  
  167  22:56  SCV  
  167  22:58  Orbital Command  
  168  23:00  SCV  
  168  23:01  SCV x5  
  168  23:28  Refinery  
  168  23:39  Sensor Tower  
  168  23:42  Ghost x2, Command Center  
  168  23:43  Ghost  
  168  23:46  Hellbat  
  170  24:22  Marine x8, Marauder x4  
  170  24:23  Hellbat x3  
  189  24:40  Marine x3  
  189  24:43  Marauder x3  
  189  24:44  Marauder  
  198  24:50  Marine x2  
  200  24:53  Orbital Command  
  200  24:58  Planetary Fortress  
  200  25:00  Command Center  
  200  25:23  Refinery  
  200  25:33  Refinery  
  191  25:47  Thor x2  
  200  26:11  Smart Servos  
  200  26:19  Orbital Command  
  197  26:45  Command Center  
  195  27:29  Orbital Command  
  188  27:32  Thor x2  
  200  27:43  Sensor Tower  
  200  27:51  Orbital Command  
  200  27:58  Hellbat x2  
  186  28:25  Ghost  
  186  28:26  Ghost  
  184  28:38  Thor x2  
  196  28:45  Hellbat x2  
  195  28:52  Refinery  
  195  28:53  Hellbat x3  
  196  29:18  Hellbat x2  
  190  29:28  Hellbat  
  190  29:29  Hellbat  
  188  29:32  Hellbat x2  
  169  29:48  Ghost x2  
  169  29:49  Hellbat x3  
  169  29:50  Hellbat  
  169  29:51  Ghost  
  169  29:52  Marine x4, Ghost  
  141  29:54  Medivac x2  
  117  30:02  Marine  
  117  30:03  Marine  
  94  30:10  Hellbat x2  
  94  30:11  Siege Tank x2  
  104  30:17  Ghost x2  
  104  30:20  Ghost x2  
  112  30:22  Orbital Command  
  112  30:23  Marine x3  
  112  30:25  Medivac x2  
  119  30:31  Hellbat x4  
  127  30:45  Ghost  
  127  30:47  Thor  
  127  30:48  Hellbat x3  
  141  30:52  Marine x2  
  141  30:53  Marine, Marauder x2  
  148  30:57  Orbital Command  
  148  31:10  Hellbat  
  150  31:22  SCV x6  
  150  31:23  SCV x2  
  159  31:27  Orbital Command  
  159  31:28  Hellbat  
  160  31:36  Siege Tank  
  158  31:53  Ghost  
  155  32:08  Medivac x2  
  153  32:24  Orbital Command  
  153  32:26  Planetary Fortress  
  153  32:27  Orbital Command  
  152  32:35  Ghost x2  
  114  32:40  Orbital Command  
  114  32:41  Orbital Command  
  109  32:46  Marine x2  
  109  32:47  Marauder x2  
  112  33:01  Marine x6  
  112  33:04  Marine, Ghost  
  121  33:20  Hellbat  
  121  33:21  Siege Tank, Hellbat x3  
  130  33:39  Hellbat x2  
  134  33:42  Hellbat  
  80  34:12  Medivac x2  
  80  34:14  Hellbat  
  40  34:32  Hellbat x2  
Show
View Real Time Build Order
Export as new Build Order

Serral Zerg - Winner!

Build Orders: Hatch First 

Get SALT Encoding   

  12  0:00  Drone  
  13  0:12  Overlord  
  13  0:17  Drone  
  14  0:31  Drone x2  
  16  0:47  Hatchery  
  15  0:51  Drone  
  15  0:54  Drone  
  17  0:57  Drone  
  18  1:08  Extractor  
  17  1:12  Spawning Pool  
  17  1:15  Drone  
  17  1:19  Drone  
  18  1:28  Drone  
  19  1:40  Drone  
  20  1:51  Drone  
  21  1:59  Queen x2  
  21  2:00  Zergling x4  
  27  2:11  Drone, Overlord  
  28  2:20  Hatchery  
  27  2:27  Drone  
  28  2:30  Drone  
  28  2:32  Drone  
  28  2:37  Spore Crawler  
  29  2:39  Queen  
  32  2:44  Metabolic Boost  
  32  2:47  Overlord  
  32  2:50  Drone  
  33  2:52  Drone  
  33  2:55  Drone  
  33  2:56  Drone  
  36  3:06  Queen  
  36  3:07  Overlord  
  38  3:13  Drone x3  
  38  3:16  Drone  
  38  3:19  Drone  
  43  3:25  Queen  
  43  3:26  Drone x2  
  47  3:33  Queen  
  49  3:35  Overlord  
  49  3:44  Drone x5  
  49  3:48  Overlord  
  54  3:53  Zergling x4  
  56  3:57  Zergling x2  
  56  3:58  Drone x3  
  56  4:01  Drone  
  61  4:03  Queen  
  61  4:07  Overlord  
  61  4:09  Overlord  
  63  4:14  Queen  
  63  4:15  Drone  
  66  4:17  Drone  
  66  4:19  Zergling x2  
  66  4:20  Drone  
  66  4:21  Drone  
  66  4:22  Drone  
  71  4:25  Drone x2  
  73  4:33  Lair  
  73  4:34  Drone  
  73  4:36  Drone  
  75  4:39  Drone x3, Queen  
  75  4:44  Drone x2  
  82  4:51  Hatchery  
  81  4:54  Drone x2, Extractor  
  81  4:56  Baneling Nest  
  81  4:58  Spore Crawler  
  81  4:59  Spore Crawler, Drone x2  
  81  5:02  Overlord  
  81  5:05  Zergling x2  
  82  5:10  Overlord  
  82  5:12  Overlord  
  82  5:15  Spore Crawler  
  82  5:17  Drone  
  82  5:18  Extractor  
  82  5:19  Overlord  
  82  5:20  Drone  
  82  5:22  Drone x7  
  82  5:24  Drone, Extractor  
  82  5:26  Extractor  
  89  5:28  Drone x3  
  89  5:30  Overseer  
  89  5:31  Overseer  
  89  5:34  Drone x3  
  94  5:37  Evolution Chamber  
  94  5:38  Evolution Chamber  
  92  5:44  Overlord  
  92  5:45  Drone x2  
  92  5:47  Drone  
  92  5:48  Drone  
  96  5:50  Drone  
  96  5:54  Drone x2  
  96  5:55  Drone x2  
  98  6:00  Drone x2  
  99  6:06  Centrifugal Hooks  
  99  6:08  Zerg Melee Weapons Level 1, Zerg Ground Armor Level 1  
  99  6:09  Drone  
  99  6:10  Drone x3  
  99  6:11  Drone x2  
  104  6:16  Hydralisk Den  
  104  6:17  Queen  
  104  6:23  Zergling x8  
  108  6:29  Spore Crawler, Drone x3  
  108  6:30  Zergling x2  
  108  6:32  Hatchery  
  110  6:34  Zergling x12  
  116  6:40  Baneling x8  
  116  6:45  Drone x2  
  116  6:46  Overlord x2, Muscular Augments  
  118  6:50  Zergling x2  
  118  6:51  Zergling x10  
  118  6:52  Zergling x2  
  125  6:54  Overlord  
  125  6:55  Overlord  
  125  7:04  Overlord  
  125  7:09  Zergling x18  
  125  7:14  Hatchery  
  134  7:18  Overlord  
  134  7:23  Overlord  
  134  7:26  Drone  
  134  7:27  Overseer  
  134  7:31  Spore Crawler  
  134  7:33  Drone x2, Hydralisk x11  
  157  7:48  Hydralisk x2  
  157  7:49  Zergling x12  
  157  7:50  Grooved Spines  
  167  8:01  Zergling x10  
  167  8:02  Zergling x8  
  167  8:03  Zerg Missile Weapons Level 1  
  177  8:05  Drone x3  
  177  8:08  Hatchery  
  177  8:11  Baneling x9  
  178  8:16  Overseer  
  178  8:17  Overseer  
  178  8:19  Overlord x3  
  178  8:22  Baneling  
  178  8:23  Baneling x4  
  178  8:26  Zerg Ground Armor Level 2  
  178  8:27  Drone x3  
  178  8:28  Drone, Extractor  
  178  8:30  Overlord x2  
  178  8:33  Extractor  
  180  8:36  Extractor  
  180  8:37  Drone x11  
  180  8:38  Drone  
  191  8:41  Burrow, Infestation Pit  
  191  8:47  Drone x2  
  189  8:58  Hatchery, Lurker Den  
  189  9:00  Zergling x26  
  200  9:13  Baneling x4  
  200  9:17  Overlord  
  200  9:18  Overlord  
  200  9:20  Hive, Pneumatized Carapace  
  199  9:28  Hatchery  
  198  9:35  Evolution Chamber  
  197  9:40  Zergling x6  
  200  9:53  Spire  
  200  9:56  Hatchery  
  200  9:58  Zerg Missile Weapons Level 2  
  199  10:14  Drone x2  
  179  10:25  Zergling x14  
  179  10:26  Unknown, Zergling x36  
  179  10:27  Hydralisk x2  
  173  10:32  Viper x2, Zerg Melee Weapons Level 2  
  173  10:33  Viper  
  182  10:36  Seismic Spines  
  182  10:37  Drone x4  
  186  10:44  Drone  
  186  10:46  Baneling x6  
  186  10:47  Baneling x11  
  186  10:49  Zerg Ground Armor Level 3  
  187  10:52  Drone x2  
  187  10:53  Drone x2  
  191  10:59  Zergling x18  
  191  11:01  Baneling x9  
  199  11:07  Greater Spire  
  199  11:12  Adrenal Glands  
  199  11:29  Unknown  
  199  11:32  Drone  
  199  11:33  Adaptive Talons  
  182  11:57  Zergling x42  
  182  12:00  Infestor  
  200  12:07  Overseer  
  200  12:09  Overseer  
  200  12:11  Overseer x2  
  200  12:12  Nydus Network  
  199  12:16  Baneling x15  
  199  12:17  Baneling x2  
  199  12:22  Baneling x2  
  199  12:23  Baneling x2  
  199  12:25  Extractor x2  
  199  12:29  Zerg Flyer Weapons Level 1  
  197  12:34  Zergling x6  
  200  12:52  Zerg Melee Weapons Level 3, Zerg Missile Weapons Level 3  
  189  13:07  Zergling x22  
  189  13:10  Zergling x8  
  199  13:36  Baneling x11  
  192  13:49  Zergling x16  
  198  14:17  Ultralisk Cavern  
  192  14:23  Zerg Flyer Armor Level 1  
  192  14:24  Zergling x40  
  190  14:39  Zergling x20  
  194  15:05  Chitinous Plating  
  194  15:06  Zergling x36  
  200  15:12  Baneling x10  
  200  15:19  Zergling x18  
  171  15:36  Zergling x46  
  189  15:43  Baneling x3  
  189  15:49  Extractor  
  188  15:56  Baneling  
  188  15:57  Baneling x3  
  177  16:05  Zergling x6  
  177  16:06  Zergling x42  
  177  16:08  Zergling x12  
  198  16:17  Zerg Flyer Weapons Level 2  
  198  16:18  Zergling x36  
  187  16:24  Anabolic Synthesis  
  198  16:27  Drone  
  198  16:28  Baneling x11  
  198  16:29  Baneling x11  
  199  16:35  Hatchery  
  184  16:43  Zergling x24  
  184  16:44  Zergling x14  
  184  16:46  Baneling x11  
  197  16:54  Baneling x7  
  196  16:59  Hatchery  
  194  17:15  Zergling x34  
  184  17:16  Zergling x12  
  184  17:19  Zergling x2  
  175  17:26  Infestor x2, Baneling x12  
  175  17:27  Hydralisk x2  
  175  17:28  Zergling x12  
  188  17:34  Baneling x11  
  187  17:41  Zergling x20  
  191  17:53  Nydus Canal  
  191  17:56  Hydralisk x4  
  188  18:10  Zergling x22  
  195  18:16  Baneling x36  
  195  18:18  Zergling x12  
  199  18:24  Infestor  
  198  18:33  Zerg Flyer Armor Level 2  
  185  18:50  Zergling x30  
  192  18:57  Infestor, Zergling x26  
  195  19:04  Zergling x8  
  183  19:21  Zergling x26  
  172  19:36  Zergling x12  
  155  19:42  Zergling x22  
  153  19:55  Hydralisk  
  153  19:56  Hydralisk x9  
  173  20:04  Lurker x6  
  173  20:05  Lurker x4, Hydralisk x3  
  173  20:06  Overseer  
  189  20:08  Nydus Canal  
  189  20:16  Zergling x2, Hydralisk x2  
  189  20:17  Zergling x4  
  196  20:21  Hatchery  
  196  20:26  Hatchery  
  194  20:42  Nydus Canal  
  194  20:44  Overseer, Hydralisk x2  
  194  20:45  Zergling x2  
  193  20:51  Hydralisk x2  
  193  20:52  Zergling x10  
  199  21:05  Nydus Canal  
  196  21:13  Zergling x4, Overlord x2  
  183  21:19  Overlord x2  
  170  21:27  Zergling x42  
  160  21:33  Zergling x2  
  160  21:34  Zergling x2  
  160  21:35  Zergling x2  
  160  21:37  Ultralisk  
  167  21:40  Ultralisk x3  
  167  21:44  Baneling x4  
  167  21:46  Baneling x17  
  185  21:48  Nydus Canal  
  185  21:50  Zergling x28  
  196  22:08  Zergling x30, Extractor  
  179  22:09  Zergling x6  
  179  22:12  Nydus Canal  
  179  22:15  Zergling x8  
  200  22:22  Hatchery  
  185  22:27  Zergling x34  
  173  22:38  Zergling x12  
  173  22:42  Infestor x3  
  173  22:44  Zergling x6  
  183  22:48  Drone  
  183  22:49  Drone  
  174  22:52  Zergling x10  
  175  23:04  Hatchery  
  173  23:08  Hydralisk x2  
  173  23:09  Zergling x16  
  173  23:10  Hatchery  
  173  23:12  Infestor x2  
  183  23:18  Corruptor x10  
  198  23:22  Zerg Flyer Weapons Level 3  
  191  24:36  Brood Lord x4  
  198  24:48  Brood Lord x2  
  194  24:52  Brood Lord  
  194  24:53  Brood Lord x2  
  194  24:55  Brood Lord  
  198  25:13  Infestor  
  195  25:16  Hatchery  
  194  25:25  Infestor x4  
  186  25:59  Zerg Flyer Armor Level 3, Corruptor x3  
  186  26:00  Corruptor  
  190  26:13  Extractor x2  
  190  26:17  Drone x3  
  191  26:22  Infestor x3  
  184  26:41  Brood Lord  
  184  26:42  Brood Lord x3  
  191  26:58  Hatchery  
  190  27:09  Drone  
  190  27:10  Drone x3  
  190  27:11  Drone x2  
  195  27:16  Hatchery  
  195  27:19  Hatchery  
  195  27:20  Zergling x14  
  200  27:22  Extractor  
  197  27:32  Zergling x16  
  197  27:33  Zergling x2  
  200  27:37  Overseer  
  200  27:45  Overseer  
  200  27:49  Overseer  
  200  28:03  Overseer  
  196  28:15  Overseer  
  194  28:34  Infestor x2  
  194  28:40  Zergling x14  
  197  29:04  Hatchery, Overseer  
  196  29:15  Extractor  
  196  29:16  Extractor  
  186  29:26  Zergling x16  
  186  29:27  Zergling x16  
  186  29:31  Baneling x15  
  175  29:45  Zergling x16  
  175  29:46  Zergling x26  
  175  29:51  Zergling x32  
  175  29:52  Zergling x20  
  176  30:10  Drone  
  176  30:11  Drone  
  176  30:12  Overseer x2  
  176  30:13  Drone x3  
  179  30:15  Baneling x18, Viper x2  
  179  30:16  Baneling  
  179  30:17  Drone  
  179  30:18  Drone  
  187  30:22  Zergling x2  
  187  30:23  Zergling x24  
  200  30:30  Overseer  
  200  30:33  Drone x5  
  200  30:34  Drone x2  
  200  30:35  Drone x2  
  198  30:45  Drone x2  
  198  30:49  Nydus Canal  
  191  30:59  Hydralisk x2  
  191  31:00  Zergling x10  
  200  31:16  Hatchery  
  199  31:23  Infestor x5  
  197  31:38  Zergling x10  
  195  32:16  Zergling x8  
  196  32:34  Infestor  
  196  32:35  Infestor x3  
  155  32:39  Zergling x52  
  155  32:42  Zergling x18  
  190  32:51  Baneling x14  
  189  32:52  Zergling x18  
  196  33:07  Zergling x8  
  199  33:23  Baneling x6  
  195  33:33  Zergling x6  
  195  33:34  Zergling x12  
  200  33:40  Overseer  
  198  33:54  Zergling x6  
  167  34:06  Zergling x52  
  169  34:16  Zergling x12  
  148  34:22  Hydralisk x4  
  148  34:23  Zergling x8, Hydralisk  
  149  34:30  Hydralisk  
Tags
 
Add a new tag
Caveats
  • Supply blocks, unpowered buildings, or Contaminate may cause inaccurate times.
  • Supply counts are checked every 10 seconds.